 Dungeon Crawl Stone Soup version 0.20-a0-1006-ge6c5631 (webtiles) character file.

110 Ordine the Insei (level 4, -2/28 HPs)
             Began as an Octopode Transmuter on Apr 13, 2017.
             Slain by a worm (11 damage)
             ... on level 2 of the Dungeon.
             The game lasted 00:05:15 (2776 turns).

Ordine the Insei (Octopode Transmuter)              Turns: 2776, Time: 00:05:16

Health: -2/28      AC:  1    Str: 10    XL:     4   Next: 91%
Magic:  9/9        EV: 13    Int: 15    God:
Gold:   125        SH:  0    Dex: 12    Spells: 5/9 levels left

rFire    . . .     SeeInvis .     - Unarmed
rCold    . . .     Gourm    .   (no shield)
rNeg     . . .     Faith    .   (helmet restricted)
rPois    .         Spirit   .   (no amulet)
rElec    .         Reflect  .   (no ring)
rCorr    .         Harm     .   (no ring)
MR       .....                  (no ring)
Stlth    ++........             (no ring)
Regen    0.1/turn               (no ring)
MPRegen  0.2/turn               (no ring)
                                (no ring)
                                (no ring)

@: no status effects
A: almost no armour, stealthy swim, amphibious, 8 rings, constrict 8, camouflage
1, gelatinous body 1
a: no special abilities


You were on level 2 of the Dungeon.
You were not hungry.

You visited 1 branch of the dungeon, and saw 2 of its levels.

You collected 125 gold pieces.

Inventory:

Scrolls
 e - a scroll of teleportation
 k - a scroll of blinking
 l - a scroll of recharging
Potions
 g - 3 potions of berserk rage
 i - a potion of ambrosia {unknown}
 j - a potion of degeneration {unknown}
Books
 b - a book of Changes

   Spells                             Type                      Level
   a - Beastly Appendage              Transmutation                1
   b - Sticks to Snakes               Transmutation                2
   c - Spider Form                    Transmutation/Poison         3
   d - Ice Form                       Ice/Transmutation            4
   e - Blade Hands                    Transmutation                5
Comestibles
 a - 4 royal jellies
 c - a bread ration
 h - a meat ration


   Skills:
 - Level 1.0 Fighting
 - Level 2.0 Dodging
 + Level 3.8 Unarmed Combat
 * Level 3.4 Spellcasting
 + Level 2.8 Transmutations


You had 5 spell levels left.
You knew the following spells:

 Your Spells              Type           Power        Failure   Level  Hunger
a - Spider Form           Tmut/Pois      #.........   34%         3    ###....
h - Beastly Appendage     Tmut           ##....       8%          1    None


Dungeon Overview and Level Annotations

Branches:
Dungeon (2/15)

Altars:
Okawaru


Innate Abilities, Weirdness & Mutations

You cannot wear most types of armour.
You are very stealthy in the water. (Stealth+)
You are amphibious.
You can wear up to eight rings at the same time.
You can use your tentacles to constrict eight enemies at once.
Your skin changes colour to match your surroundings (Stealth+).
Your rubbery body absorbs attacks. (AC +1, EV +1)


Message History

You grab the kobold. You constrict the kobold. The kobold closely misses you.
You tentacle-slap the kobold.
You kill the kobold!
You barely miss the worm. You grab the worm. You constrict the worm.
The worm bites you!
You tentacle-slap the worm.
The worm is moderately wounded.
You constrict the worm.
You tentacle-slap the worm but do no damage.
The worm is moderately wounded.
You constrict the worm. The worm bites you!
* * * LOW HITPOINT WARNING * * *
You are too injured to fight recklessly!
You tentacle-slap the worm. You squeeze the worm.
The worm is severely wounded.
You constrict the worm.
You tentacle-slap the worm but do no damage.
The worm is severely wounded.
You constrict the worm. The worm bites you!
You die...

....... ...#.#........# ### #
##...............##...# ..# #
#................#.P.#..8####
#...............###))#....#..
#...........###...#P...._⌠#..
.........###)#.#..#....#..
.......##..#.#♣.#.8.##..
.............##.# ..##..
......w@...##.#.# ###...
..............### #.#..
............###.####.##.
...........####......##.
........(.###....######.
#.............#.## #.
#.....>..######.# #.
#........# #)#######.
.........####.........


You could see a worm.

Vanquished Creatures
  Terence (D:2)
  3 adders (D:2)
  A worm (D:2)
  A dart slug (D:2)
  2 leopard geckos (D:1)
  2 ball pythons
  4 bats
  A giant cockroach (D:2)
  6 goblins
  9 hobgoblins
  3 jackals (D:1)
  7 kobolds
  3 frilled lizards
  7 rats
50 creatures vanquished.

Notes
Turn   | Place    | Note
-------+----------+-------------------------------------------
     0 | D:1      | Ordine the Octopode Transmuter began the quest for the Orb.
     0 | D:1      | Reached XP level 1. HP: 13/13 MP: 3/3
   320 | D:1      | Reached XP level 2. HP: 18/18 MP: 5/5
   829 | D:1      | Reached XP level 3. HP: 14/23 MP: 6/6
  1230 | D:1      | Learned a level 3 spell: Spider Form
  1528 | D:2      | Found a faded altar of an unknown god.
  1915 | D:2      | Found an iron altar of Okawaru.
  1925 | D:2      | Reached XP level 4. HP: 18/28 MP: 8/8
  1937 | D:2      | HP: 2/42 [poisoned by an adder]
  2263 | D:2      | Noticed Terence
  2283 | D:2      | Killed Terence
  2776 | D:2      | Slain by a worm

Vault maps used:
D:1:      lightli_arrival_isolated_outpost, minmay_misc_feat_columns,
          minmay_pentomino_u4
D:2:      chequers_ecumenical_altar_lobes, okawaru_gym_becter, uniq_terence

Skill      XL: |  1  2  3 |
---------------+----------+-----
Spellcasting   | 3 |  3.4
Fighting       | |  1.0
Dodging        | |  2.0
Unarmed Combat | |  3.8
Transmutations | |  2.8

Action                   |  1- 3 |  4- 6 || total
-------------------------+-------+-------++-------
Melee: Unarmed           |    82 |    39 ||   121
       Constrict         |    19 |     8 ||    27
       Tentacles         |    16 |     4 ||    20
       Punch             |     1 |     2 ||     3
 Cast: Spider Form       |       |     2 ||     2
  Use: Scroll            |     6 |     3 ||     9
       Potion            |     1 |     1 ||     2
 Stab: Sleeping          |     7 |       ||     7
  Eat: Chunk             |     2 |     4 ||     6
Armor: Skin              |     5 |     8 ||    13
Dodge: Dodged            |    49 |    28 ||    77
